[Event "Early Titled Tuesday Blitz | February 8 2022"]
[White "Bashirli, Saadat"]
[Black "Bugayev, Vladimir"]
[WhiteFideId "13429990"]
[BlackFideId "30901480"]
[WhiteElo "1173"]
[BlackElo "2363"]
[Result "0-1"]
[Round "03"]
[TimeControl "180+1"]
[Date "2022.02.08"]
[WhiteClock "0:00:02"]
[BlackClock "0:00:21"]

1. d4 Nf6 2. Bg5 d5 3. Nd2 c6 4. Ngf3 g6 5. e3 Bg7 6. c4 a6 7. Bd3 O-O 8. c5 Nfd7 9. O-O Qe8 10. e4 dxe4 11. Nxe4 Nf6 12. Nc3 Be6 13. Re1 Nbd7 14. Qc2 Bd5 15. Ne4 Nxe4 16. Bxe4 Bxe4 17. Rxe4 e6 18. Rae1 Nf6 19. R4e2 Qd7 20. Bf4 Rfd8 21. Bd6 b5 22. Ne5 Qb7 23. b4 Ne8 24. Rc1 Nxd6 25. cxd6 Rxd6 26. Nxc6 Bxd4 27. Qe4 Qd7 28. Ne7+ Qxe7 29. Qxa8+ Kg7 30. Qe4 e5 31. h3 Rd7 32. Rce1 Qxb4 33. Qc6 Qd6 34. Qc2 f5 35. Rd2 f4 36. Red1 Rc7 37. Qe4 Qc5 38. Qf3 b4 39. Qb3 a5 40. Qe6 Qc6 41. Qg4 a4 42. Qe2 b3 43. axb3 axb3 44. Qd3 Qc3 45. Qb1 b2 46. Re2 Qc1 47. Ree1 Qxb1 48. Rxb1 Rc2 49. Rf1 Kf6 50. g3 fxg3 51. Kg2 gxf2 52. Kg3 Kf5 53. Kg2 e4 54. Rfd1 Ke5 55. Rf1 e3 56. Rfd1 Ke4 57. Rf1 e2 58. Rxf2 Bxf2 59. Kxf2 Kd3 60. Ke1 Rc1+ 61. Rxc1 bxc1=Q+ 62. Kf2 Qf1+ 0-1


[Site "https://www.chess.com"]

[Event "Early Titled Tuesday Blitz | February 8 2022"]
[White "Begunov, Konstantin"]
[Black "Korkmaz, Necmettin"]
[WhiteFideId "4118510"]
[BlackFideId "6303285"]
[WhiteElo "2262"]
[BlackElo "2094"]
[Result "1-0"]
[Round "03"]
[TimeControl "180+1"]
[Date "2022.02.08"]
[WhiteClock "0:00:21"]
[BlackClock "0:00:15"]

1. d4 d5 2. c4 c6 3. Nc3 Nf6 4. Nf3 e6 5. cxd5 exd5 6. Bg5 Be7 7. Qc2 O-O 8. e3 Nbd7 9. Bd3 Re8 10. O-O Nf8 11. Rab1 a5 12. a3 Ng6 13. Bxf6 Bxf6 14. h3 Nf8 15. b4 Be7 16. b5 Bxa3 17. bxc6 bxc6 18. Na4 Bd7 19. Nb6 Rb8 20. Nxd7 Qxd7 21. Ne5 Qd6 22. Nxc6 Rbc8 23. Bb5 Ne6 24. Qa4 Nc7 25. Nxa5 Nxb5 26. Qxb5 h6 27. Nb3 Rb8 28. Qd3 Rec8 29. Nd2 Bb4 30. Nf3 Qe6 31. Ne5 Bd6 32. Rxb8 Rxb8 33. Qa6 f6 34. Nc6 Rc8 35. Rc1 Kh7 36. Qb7 Rc7 37. Qb5 Qc8 38. Qxd5 Bf8 39. Rc2 Kh8 40. Qe4 Bd6 41. d5 Qb7 42. g3 Qb1+ 43. Kg2 Qd1 44. Qf5 Rb7 45. Ra2 Bb8 46. Ra8 Qb1 47. Qxb1 Rxb1 48. Rxb8+ Rxb8 49. Nxb8 Kh7 50. e4 Kg6 51. f4 Kf7 52. Kf3 Ke7 53. Nc6+ Kd7 54. Nd4 Kd6 55. Nf5+ 1-0


[Site "https://www.chess.com"]

[Event "Early Titled Tuesday Blitz | February 8 2022"]
[White "Berdychevskaya, Natasha"]
[Black "Bilan, Danila"]
[WhiteFideId "4159322"]
[BlackFideId "24161918"]
[WhiteElo "1780"]
[BlackElo "2164"]
[Result "1-0"]
[Round "03"]
[TimeControl "180+1"]
[Date "2022.02.08"]
[WhiteClock "0:00:08"]
[BlackClock "0:00:11"]

1. d4 d5 2. Bf4 Nf6 3. e3 c5 4. c3 Nc6 5. Nd2 Qb6 6. Qb3 c4 7. Qc2 g6 8. e4 Nxe4 9. Nxe4 dxe4 10. Bxc4 Bg7 11. Ne2 O-O 12. O-O e5 13. dxe5 Bxe5 14. Bxe5 Nxe5 15. Bb3 e3 16. Nd4 Ng4 17. f3 Nh6 18. Rfe1 Re8 19. Re2 Nf5 20. Rd1 Nxd4 21. Rxd4 Bf5 22. Qc1 Be6 23. Rxe3 Bxb3 24. axb3 Qxb3 25. Rde4 Rxe4 26. Rxe4 Rd8 27. Rd4 Re8 28. Qd2 Qb6 29. h4 h5 30. Kh1 Qf6 31. Qf4 Qxf4 32. Rxf4 Re2 33. Rb4 b6 34. Kh2 Kg7 35. Kg3 Kf6 36. Ra4 a5 37. b4 Re5 38. bxa5 bxa5 39. Rc4 Re6 40. Ra4 Rc6 41. Rxa5 Rxc3 42. Ra6+ Kg7 43. Ra5 Rc4 44. Ra6 Rd4 45. Ra5 Rd6 46. Ra4 Re6 47. Rb4 Kf6 48. Rc4 Re5 49. Rc6+ Kf5 50. Rc7 f6 51. Rc4 g5 52. hxg5 fxg5 53. Rb4 Rc5 54. Ra4 h4+ 55. Kh3 Rc1 56. Ra5+ Kg6 57. Kg4 Rc4+ 58. Kh3 Kh5 59. Rb5 Rc1 60. Kh2 Rc2 61. f4 Rf2 62. Rxg5+ Kh6 63. Rg4 Kh5 64. Kh3 Rf1 65. Rxh4+ Kg6 66. g3 Kf5 67. Rh5+ Kg6 68. Kg4 Rg1 69. Rg5+ Kf6 70. Ra5 Rb1 71. Ra6+ Kf7 72. Kg5 Rg1 73. g4 Rc1 74. f5 Rc7 75. Rb6 Rd7 76. Rf6+ Kg7 77. Rg6+ Kh7 78. Rh6+ Kg7 79. f6+ Kg8 80. Kg6 Rd4 81. f7+ Kf8 82. Rh8+ Ke7 83. f8=Q+ Kd7 84. Qd8+ Kc6 85. Qxd4 1-0


[Site "https://www.chess.com"]

[Event "Early Titled Tuesday Blitz | February 8 2022"]
[White "Berezin, Viktor"]
[Black "Artemenko, Oleg"]
[WhiteFideId "14107872"]
[BlackFideId "14201798"]
[WhiteElo "2310"]
[BlackElo "2287"]
[Result "0-1"]
[Round "03"]
[TimeControl "180+1"]
[Date "2022.02.08"]
[WhiteClock "0:00:19"]
[BlackClock "0:00:26"]

1. d4 Nf6 2. Nf3 e6 3. g3 Be7 4. Bg2 O-O 5. O-O c5 6. dxc5 Na6 7. a3 Nxc5 8. b4 Nce4 9. Bb2 d5 10. c4 dxc4 11. Qc2 Rb8 12. Rd1 Qc7 13. Be5 Bd6 14. Bxd6 Nxd6 15. a4 a6 16. Na3 b5 17. Nd4 Bb7 18. Bh3 Be4 19. Qc1 bxa4 20. Bxe6 fxe6 21. Nxe6 Qc6 22. Nxf8 Rxf8 23. Rd4 Ng4 24. f3 Bxf3 25. exf3 Qxf3 26. Rf4 Rxf4 27. Qxf4 Qe2 28. Rc1 Qxh2+ 29. Kf1 Qh1+ 30. Ke2 Qg2+ 31. Kd1 Nf2+ 32. Kc2 Nd3+ 33. Qd2 Nxb4+ 34. Kd1 Qf1+ 35. Qe1 Qxe1+ 36. Kxe1 Nd3+ 0-1


[Site "https://www.chess.com"]

[Event "Early Titled Tuesday Blitz | February 8 2022"]
[White "Bettalli, Francesco"]
[Black "Gaehwiler, Gabriel"]
[WhiteFideId "2816453"]
[BlackFideId "1314530"]
[WhiteElo "2216"]
[BlackElo "2383"]
[Result "1/2-1/2"]
[Round "03"]
[TimeControl "180+1"]
[Date "2022.02.08"]
[WhiteClock "0:00:08"]
[BlackClock "0:00:09"]

1. d4 d6 2. Nc3 Nf6 3. e4 Nbd7 4. Bf4 e5 5. dxe5 dxe5 6. Bg5 c6 7. Nf3 Be7 8. Bc4 O-O 9. O-O b5 10. Bb3 a5 11. a3 Ba6 12. Re1 Qc7 13. Qc1 Nc5 14. Ba2 b4 15. axb4 axb4 16. Ne2 Nfxe4 17. Bxe7 Qxe7 18. Ng3 Nxg3 19. hxg3 e4 20. Nd4 Qf6 21. Qe3 Rad8 22. Nb3 Ne6 23. Nd2 Nd4 24. Nxe4 Qe5 25. Bb3 Bb5 26. f4 Qh5 27. Ng5 h6 28. Nf3 Nf5 29. Qf2 Qg4 30. Kh2 Qh5+ 31. Kg1 Qg6 32. Ne5 Qxg3 33. Qxg3 Nxg3 34. Ra7 Ne2+ 35. Kh2 Kh7 36. Bxf7 Rd6 37. g3 Rd2 38. Kh3 Nd4 39. c3 bxc3 40. bxc3 Nc2 41. Rc1 Ne3 42. Re1 Bf1+ 43. Rxf1 Nxf1 44. Bg6+ Kg8 45. Bf7+ Kh7 46. Bg6+ Kh8 47. Bd3 Ne3 48. Ng6+ Kg8 49. Nxf8 Kxf8 50. Bg6 Nd5 51. Rf7+ Kg8 52. Rb7 Kf8 53. Rf7+ Kg8 54. Rb7 Kf8 55. Rf7+ 1/2-1/2


[Site "https://www.chess.com"]

[Event "Early Titled Tuesday Blitz | February 8 2022"]
[White "Bifulco, Michel"]
[Black "Alavkin, Arseny"]
[WhiteFideId "828580"]
[BlackFideId "4120612"]
[WhiteElo "2165"]
[BlackElo "2391"]
[Result "0-1"]
[Round "03"]
[TimeControl "180+1"]
[Date "2022.02.08"]
[WhiteClock "0:00:06"]
[BlackClock "0:00:16"]

1. d4 Nf6 2. Nc3 d5 3. Bf4 a6 4. e3 c5 5. dxc5 Nc6 6. Nf3 Bg4 7. Be2 e6 8. Na4 Nd7 9. Bd6 Bxd6 10. cxd6 b5 11. Nc3 Nf6 12. Nd4 Nxd4 13. Qxd4 Bxe2 14. Nxe2 Qxd6 15. O-O-O O-O 16. g4 Qc7 17. f3 Rfc8 18. Rd2 a5 19. Ng3 b4 20. g5 Ne8 21. h4 a4 22. Nh5 b3 23. a3 bxc2 24. Rhh2 Rab8 25. Rhg2 Qa5 26. Nf6+ gxf6 27. gxf6+ Kf8 28. Qf4 Nxf6 29. Qxf6 Qd8 30. Qh6+ Ke7 31. Qg5+ Kd6 32. Qf4+ Ke7 33. Qg5+ Kd7 34. Qf4 Rc6 35. Rg7 Rc4 36. Rxf7+ Kc6 37. Qe5 Qd6 38. Qg7 Rb3 39. Rxc2 Rxe3 40. Ra7 Re1+ 41. Kd2 Rxc2+ 42. Kxc2 Qc5+ 43. Kd2 Qc1+ 44. Kd3 Re3+ 45. Kd4 Qc5# 0-1


[Site "https://www.chess.com"]

[Event "Early Titled Tuesday Blitz | February 8 2022"]
[White "Bodnaruk, Anastasia"]
[Black "Kalogridis, Antonios"]
[WhiteFideId "4181751"]
[BlackFideId "25833901"]
[WhiteElo "2393"]
[BlackElo "1495"]
[Result "1-0"]
[Round "03"]
[TimeControl "180+1"]
[Date "2022.02.08"]
[WhiteClock "0:00:08"]
[BlackClock "0:00:41"]

1. e4 c6 2. Nf3 d5 3. exd5 cxd5 4. Ne5 Bd7 5. d4 Nf6 6. Bd3 e6 7. O-O Nc6 8. c3 Bd6 9. Re1 Qc7 10. f4 O-O 11. Nd2 Ne7 12. Ndf3 Be8 13. g4 g6 14. Qe2 Ne4 15. Bxe4 dxe4 16. Qxe4 f6 17. Nd3 Bc6 18. Qe2 Nd5 19. Rf1 Nxf4 20. Nxf4 Bxf4 21. Bxf4 Qxf4 22. Ne5 Qe4 23. Qxe4 Bxe4 24. Nd7 Kg7 25. Nxf8 Rxf8 26. Rae1 f5 27. gxf5 Bxf5 28. Re5 Rd8 29. Rfe1 Kf6 30. Rc5 Rd7 31. Rc8 h5 32. h4 Rd5 33. Rc7 Rb5 34. b3 Ra5 35. Re2 b6 36. c4 g5 37. hxg5+ Kxg5 38. b4 Ra3 39. Rd2 Kf4 40. d5 exd5 41. cxd5 Ke3 42. Rf2 Bg4 43. d6 Rd3 44. Re7+ Kd4 45. d7 Kc3 46. Rff7 Kxb4 47. Rg7 Kb5 48. Kf2 Kc6 49. Rg6+ Kc7 50. d8=Q+ Kxd8 51. Rxa7 Rd7 52. Rxd7+ Kxd7 53. Rxb6 Kc7 54. Rb4 Kc6 55. a4 Bc8 56. a5 h4 57. Kf3 h3 58. Kg3 Kc5 59. Rb8 Ba6 60. Kxh3 Bb5 61. Kg3 Bc4 62. Kf3 Bb5 63. Ke3 Kc6 64. Kd4 Bf1 65. Kc3 Kc7 66. Rb6 Be2 67. Kb4 Bf1 68. Kc5 Be2 69. a6 Bf1 70. a7 1-0


[Site "https://www.chess.com"]

[Event "Early Titled Tuesday Blitz | February 8 2022"]
[White "Bogdanov, Egor"]
[Black "Jarocka, Liwia"]
[WhiteFideId "14119137"]
[BlackFideId "21807558"]
[WhiteElo "2412"]
[BlackElo "1896"]
[Result "1/2-1/2"]
[Round "03"]
[TimeControl "180+1"]
[Date "2022.02.08"]
[WhiteClock "0:00:19"]
[BlackClock "0:00:35"]

1. e4 c6 2. d4 d5 3. exd5 cxd5 4. c4 Nf6 5. Nc3 Nc6 6. Nf3 Bg4 7. cxd5 Nxd5 8. Qb3 Nb6 9. d5 Bxf3 10. gxf3 Nd4 11. Bb5+ Nxb5 12. Qxb5+ Qd7 13. Be3 Nc8 14. O-O-O Nd6 15. Qd3 g6 16. Bd4 Rg8 17. Kb1 Bg7 18. Bxg7 Rxg7 19. Ne4 Nxe4 20. fxe4 Rd8 21. h4 f6 22. f4 e6 23. Rhe1 exd5 24. exd5+ Re7 25. d6 Rxe1 26. Rxe1+ Kf8 27. Re7 Qxd6 28. Qxd6 Rxd6 29. Rxb7 a6 30. Rxh7 Rd4 31. Ra7 Rxf4 32. Rxa6 Kg7 33. a4 Rxh4 34. a5 g5 35. Ra7+ Kg6 36. Ra8 f5 37. a6 Ra4 38. b3 Ra5 39. Kb2 g4 40. b4 Ra4 41. Kb3 Ra1 42. b5 f4 43. a7 g3 44. Rg8+ Kf7 45. a8=Q Rxa8 46. Rxa8 g2 47. Ra7+ Kf6 48. Ra6+ Kf7 49. Ra7+ Kf6 50. Ra6+ Kf5 51. Ra1 f3 52. b6 f2 53. b7 f1=Q 54. b8=Q Qxa1 55. Qc8+ Kf4 56. Qc4+ Kf3 57. Qd3+ Kf2 58. Qd2+ Kg3 59. Qe3+ Kh2 60. Qh6+ Kg1 61. Qe3+ Kh2 62. Qh6+ Kg3 63. Qg5+ Kf2 64. Qf4+ Ke1 65. Qg3+ Kf1 66. Qf4+ Ke2 67. Qg4+ Kf2 68. Qf4+ Ke1 69. Qg3+ Kf1 70. Qf4+ Kg1 71. Qe3+ Kh1 72. Qh3+ Kg1 73. Qe3+ 1/2-1/2


[Site "https://www.chess.com"]

[Event "Early Titled Tuesday Blitz | February 8 2022"]
[White "Borisova, Ekaterina"]
[Black "De Arruda, Leandro Formes"]
[WhiteFideId "34124184"]
[BlackFideId "22722009"]
[WhiteElo "2034"]
[BlackElo "1780"]
[Result "1-0"]
[Round "03"]
[TimeControl "180+1"]
[Date "2022.02.08"]
[WhiteClock "0:00:17"]
[BlackClock "0:00:03"]

1. d4 d5 2. c4 e6 3. Nc3 Nf6 4. cxd5 exd5 5. Bg5 Be7 6. e3 O-O 7. Bd3 c6 8. Qc2 h6 9. Bh4 Re8 10. Nge2 b5 11. O-O a5 12. f3 Na6 13. a3 Bb7 14. Rae1 Rc8 15. e4 dxe4 16. fxe4 b4 17. Na4 bxa3 18. bxa3 c5 19. d5 Nxd5 20. Bxe7 Nxe7 21. Bc4 Ng6 22. Bxf7+ Kh8 23. Bxg6 Re5 24. Nac3 Rg5 25. Bf5 Rc6 26. Rd1 Rd6 27. Nf4 c4 28. Qf2 g6 29. Bxg6 Rxd1 30. Rxd1 Qe7 31. Bf5 Nc5 32. h4 Rg8 33. Ng6+ Rxg6 34. Bxg6 Nd3 35. Qf5 Qxa3 36. Nd5 Qc5+ 37. Kh2 Qd6+ 38. g3 Qc5 39. Qf6+ Kg8 40. Ne7+ 1-0


[Site "https://www.chess.com"]

[Event "Early Titled Tuesday Blitz | February 8 2022"]
[White "Brodowski, Piotr"]
[Black "Przybylski, Wojciech"]
[WhiteFideId "1124480"]
[BlackFideId "1117599"]
[WhiteElo "2422"]
[BlackElo "2133"]
[Result "1-0"]
[Round "03"]
[TimeControl "180+1"]
[Date "2022.02.08"]
[WhiteClock "0:00:12"]
[BlackClock "0:00:09"]

1. c4 Nf6 2. Nc3 c6 3. Nf3 d5 4. e3 e6 5. Qc2 Nbd7 6. b3 Bd6 7. Bb2 O-O 8. g4 Ne5 9. Nxe5 Bxe5 10. g5 Nd7 11. f4 Bd6 12. Bd3 f5 13. gxf6 Nxf6 14. O-O-O b5 15. Rhg1 bxc4 16. bxc4 Ba6 17. Bxh7+ Nxh7 18. Rxg7+ Kxg7 19. Rg1+ Kf7 20. Qxh7+ Ke8 21. Rg7 Qf6 22. Ne4 Qxb2+ 23. Kxb2 dxe4 24. Qg6+ Kd8 25. Qxe6 Rb8+ 26. Kc2 Ba3 27. Qd7# 1-0


[Site "https://www.chess.com"]

[Event "Early Titled Tuesday Blitz | February 8 2022"]
[White "Bruned, Yvain"]
[Black "Kosakowski, Jakub"]
[WhiteFideId "2250292"]
[BlackFideId "1185080"]
[WhiteElo "2073"]
[BlackElo "2476"]
[Result "0-1"]
[Round "03"]
[TimeControl "180+1"]
[Date "2022.02.08"]
[WhiteClock "0:00:22"]
[BlackClock "0:01:08"]

1. b3 g6 2. Bb2 Nf6 3. Bxf6 exf6 4. c4 d5 5. cxd5 Qxd5 6. Nc3 Qa5 7. a3 c6 8. b4 Qd8 9. e3 f5 10. d4 Bg7 11. Nge2 O-O 12. g3 a5 13. Bg2 Qd6 14. b5 Be6 15. bxc6 bxc6 16. O-O Nd7 17. a4 Rab8 18. Rb1 Rb4 19. Nf4 Bc4 20. Re1 Rfb8 21. Qc2 c5 22. dxc5 Nxc5 23. Na2 Bb3 24. Qe2 Rxa4 25. Nc3 Bxc3 26. Rec1 Bg7 27. Qe1 Rab4 28. Ra1 Bxa1 0-1


[Site "https://www.chess.com"]

[Event "Early Titled Tuesday Blitz | February 8 2022"]
[White "Brunner, Nicolas"]
[Black "FGHSMN"]
[WhiteFideId "620246"]
[WhiteElo "2372"]
[BlackElo "2765"]
[Result "0-1"]
[Round "03"]
[TimeControl "180+1"]
[Date "2022.02.08"]
[WhiteClock "0:00:59"]
[BlackClock "0:02:00"]

1. d4 d5 2. c4 e6 3. Nf3 a6 4. Bg5 Be7 5. Bxe7 Qxe7 6. Nbd2 Nf6 7. g3 Nbd7 8. Bg2 b6 9. cxd5 exd5 10. O-O Bb7 11. Rc1 c5 12. e3 O-O 13. dxc5 bxc5 14. Qb3 Rab8 15. Qa3 Rfc8 16. Nb3 Ne4 17. Rfd1 Qf6 18. Na5 Ba8 19. b3 Ne5 20. Nxe5 Qxf2+ 21. Kh1 d4 22. Nf3 Nxg3+ 23. hxg3 Bxf3 24. Bxf3 Qxf3+ 25. Kh2 Rb6 26. Rxd4 Rg6 27. g4 Rh6+ 0-1


[Site "https://www.chess.com"]

[Event "Early Titled Tuesday Blitz | February 8 2022"]
[White "Carlsson, Ludvig"]
[Black "Sjugirov, Sanan"]
[WhiteFideId "1727010"]
[BlackFideId "4189302"]
[WhiteElo "2178"]
[BlackElo "2602"]
[Result "0-1"]
[Round "03"]
[TimeControl "180+1"]
[Date "2022.02.08"]
[WhiteClock "0:00:03"]
[BlackClock "0:00:06"]

1. Nf3 d5 2. d4 Nf6 3. Bf4 c5 4. e3 Nc6 5. Nbd2 cxd4 6. exd4 Bf5 7. c3 e6 8. Qb3 Bd6 9. Bxd6 Qxd6 10. Be2 O-O 11. O-O Rab8 12. a4 Rfc8 13. Rfe1 h6 14. Qd1 Qc7 15. Nb3 Nd7 16. Bd3 Bxd3 17. Qxd3 Na5 18. Nxa5 Qxa5 19. Qb5 Qc7 20. Re3 a6 21. Qe2 b5 22. axb5 axb5 23. b4 Nb6 24. Ne5 Na4 25. Ra3 Rb7 26. Rg3 Qe7 27. h3 Rbc7 28. Qd2 Kh8 29. Rf3 Qe8 30. Rg3 f6 31. Ng6+ Kg8 32. Nf4 g5 33. h4 Kf7 34. hxg5 hxg5 35. Ne2 Ke7 36. Qd3 Nb2 37. Qf3 Nc4 38. Ra6 Rc6 39. Ra7+ R8c7 40. Ra2 Qg6 41. Kh2 Nd6 42. Ra5 Ne4 43. Rh3 g4 44. Nf4 Qf5 45. Nxd5+ Qxd5 46. Rh7+ Kd6 47. Qf4+ e5 48. dxe5+ Qxe5 49. Qxe5+ Kxe5 50. Rxc7 Rxc7 51. Rxb5+ Kf4 52. g3+ Kf3 53. Rf5+ Ke2 54. Rf4 Nd2 55. Rxg4 Kxf2 56. Rf4+ Nf3+ 57. Kh3 Rg7 58. Rxf6 Rxg3# 0-1


[Site "https://www.chess.com"]

[Event "Early Titled Tuesday Blitz | February 8 2022"]
[White "Carre, Sylvain"]
[Black "Sovetbekova, Nurai"]
[WhiteFideId "642118"]
[BlackFideId "13801910"]
[WhiteElo "2105"]
[BlackElo "1545"]
[Result "1-0"]
[Round "03"]
[TimeControl "180+1"]
[Date "2022.02.08"]
[WhiteClock "0:00:17"]
[BlackClock "0:00:10"]

1. d4 Nf6 2. Bf4 g6 3. e3 Bg7 4. Be2 O-O 5. Nf3 d5 6. O-O c5 7. c3 b6 8. Nbd2 Nc6 9. Ne5 Bb7 10. h3 Nd7 11. Nxd7 Qxd7 12. Nf3 Rfd8 13. Re1 Rac8 14. Rc1 cxd4 15. exd4 Qf5 16. Bg3 Re8 17. Bd3 Qd7 18. Bc2 Na5 19. Ne5 Bxe5 20. Bxe5 Nc4 21. Rb1 Nxe5 22. Rxe5 f6 23. Re1 e5 24. dxe5 Rxe5 25. Rxe5 fxe5 26. Bb3 Kg7 27. Qe2 Qf5 28. Re1 Re8 29. Qg4 Qxg4 30. hxg4 Kf6 31. f3 Rd8 32. Kf2 d4 33. cxd4 Rxd4 34. Rd1 Rxd1 35. Bxd1 g5 36. Ke3 Bd5 37. a3 Ke6 38. Bc2 h6 39. g3 a5 40. b4 Bc4 41. f4 exf4+ 42. gxf4 axb4 43. axb4 Bf1 44. Bd1 Bh3 45. fxg5 hxg5 46. Kd4 Bg2 47. Be2 Bc6 48. Ba6 Kd6 49. Bc8 Be8 50. Ke4 Bg6+ 51. Bf5 Bf7 52. Bc8 Be6 53. Bxe6 Kxe6 54. Kd4 Kd6 55. Kc4 Kc6 56. b5+ Kd6 57. Kd4 Ke6 58. Ke4 Kd6 59. Kf5 Kc5 60. Kxg5 Kxb5 61. Kf6 Kc5 62. g5 b5 63. g6 b4 64. g7 b3 65. g8=Q b2 66. Qb8 Kc4 67. Qxb2 1-0


[Site "https://www.chess.com"]

[Event "Early Titled Tuesday Blitz | February 8 2022"]
[White "Chen, Justin"]
[Black "Lorparizangeneh, Shahin"]
[WhiteFideId "2098199"]
[BlackFideId "12521604"]
[WhiteElo "2468"]
[BlackElo "2525"]
[Result "1-0"]
[Round "03"]
[TimeControl "180+1"]
[Date "2022.02.08"]
[WhiteClock "0:00:06"]
[BlackClock "0:00:11"]

1. e4 c5 2. Nf3 d6 3. Bb5+ Bd7 4. Bxd7+ Nxd7 5. O-O Ngf6 6. Qe2 e6 7. b3 Be7 8. Bb2 O-O 9. c4 Re8 10. Nc3 e5 11. d3 Nf8 12. Bc1 Ne6 13. Be3 g6 14. a3 Ng4 15. b4 Nxe3 16. fxe3 Bf8 17. Nd5 Bg7 18. Nd2 Rf8 19. Qg4 a6 20. Nb3 b5 21. bxc5 dxc5 22. Rfc1 Qd6 23. a4 f5 24. Qe2 fxe4 25. dxe4 b4 26. Rf1 Rxf1+ 27. Rxf1 Rf8 28. Rxf8+ Qxf8 29. Qg4 Qe8 30. h4 h5 31. Qh3 Kh7 32. Kh2 Qf7 33. Qf3 Qd7 34. Qf6 Qxd5 35. Qxg7+ Kxg7 36. exd5 Nd8 37. Nxc5 Nb7 38. Nb3 Kf6 39. e4 Nd6 40. Nd2 b3 41. c5 Nb7 42. Nxb3 Ke7 43. Kg3 Nd8 44. Kf3 Kd7 45. Ke3 Kc7 46. Kd3 Nf7 47. Kc4 Nh6 48. d6+ Kd7 49. Kd5 Ng4 50. c6+ Kd8 51. Nc5 1-0


[Site "https://www.chess.com"]

[Event "Early Titled Tuesday Blitz | February 8 2022"]
[White "Cherniaiev, Tykhon"]
[Black "Sanal, Vahap"]
[WhiteFideId "14182360"]
[BlackFideId "6300545"]
[WhiteElo "2686"]
[BlackElo "2898"]
[Result "0-1"]
[Round "03"]
[TimeControl "180+1"]
[Date "2022.02.08"]
[WhiteClock "0:00:04"]
[BlackClock "0:00:15"]

1. Nf3 d5 2. c4 e6 3. b3 Nf6 4. Bb2 Be7 5. g3 O-O 6. Bg2 b6 7. O-O Bb7 8. d4 Nbd7 9. Nc3 c5 10. cxd5 Nxd5 11. Nxd5 Bxd5 12. Rc1 Bf6 13. Re1 Rc8 14. Qd2 h6 15. dxc5 Nxc5 16. Bxf6 Qxf6 17. Qd4 Qe7 18. Red1 Rfd8 19. Qe3 a5 20. Nd4 Qb7 21. Nf3 Qa8 22. Qf4 Qb7 23. Qe3 Be4 24. h4 Qa8 25. Qf4 Qb7 26. Qe3 Rd5 27. Rd4 Rcd8 28. Rxd5 Qxd5 29. Kh2 Qb7 30. Kg1 Rd6 31. Qf4 Rd8 32. Qe3 Qa8 33. Qf4 Qd5 34. Ne5 Bxg2 35. Qxf7+ Kh8 36. Ng6+ Kh7 37. Nf4 Qd2 38. Ra1 Be4 39. Nh5 Qb2 40. Re1 Bg6 41. Qe7 Rd7 0-1


[Site "https://www.chess.com"]

[Event "Early Titled Tuesday Blitz | February 8 2022"]
[White "Chigaev, Maksim"]
[Black "Di Nicolantonio, Lucas"]
[WhiteFideId "4108116"]
[BlackFideId "680460"]
[WhiteElo "2502"]
[BlackElo "2381"]
[Result "1-0"]
[Round "03"]
[TimeControl "180+1"]
[Date "2022.02.08"]
[WhiteClock "0:01:01"]
[BlackClock "0:00:04"]

1. e4 g6 2. d4 Bg7 3. Nc3 a6 4. h4 h6 5. h5 g5 6. f4 gxf4 7. Bxf4 c5 8. dxc5 Qa5 9. Qd2 Qxc5 10. Nf3 Bxc3 11. bxc3 d6 12. e5 dxe5 13. Nxe5 Nc6 14. Nd3 Qa5 15. Be2 Bf5 16. O-O e6 17. Nb4 Nge7 18. Nxc6 Nxc6 19. Qe3 O-O-O 20. Bf3 Qa4 21. Rab1 Rhg8 22. Qb6 Rd7 23. Bxc6 Rc7 24. Qxc7# 1-0


[Site "https://www.chess.com"]

[Event "Early Titled Tuesday Blitz | February 8 2022"]
[White "Chincholimath, Halsagar"]
[Black "Atzl, Florian"]
[WhiteFideId "5022487"]
[BlackFideId "1635891"]
[WhiteElo "1737"]
[BlackElo "2085"]
[Result "0-1"]
[Round "03"]
[TimeControl "180+1"]
[Date "2022.02.08"]
[WhiteClock "0:02:23"]
[BlackClock "0:01:08"]

1. e4 c5 2. c3 d5 3. exd5 Qxd5 4. d4 Nf6 5. Nf3 e6 6. Nbd2 cxd4 7. cxd4 Be7 8. Bc4 Qd7 9. Ne5 Qxd4 10. Bb5+ Nbd7 11. Nxd7 Bxd7 12. Bxd7+ Qxd7 13. O-O Rd8 14. Qb3 O-O 15. Nf3 Qd5 16. Qa4 a6 17. Bf4 Qe4 18. Qxe4 Nxe4 19. Rac1 Bf6 20. b3 Nc3 21. Kh1 Ne2 22. Rc7 Nxf4 23. Rxb7 Nd3 24. Rd1 Nxf2+ 0-1


[Site "https://www.chess.com"]

[Event "Early Titled Tuesday Blitz | February 8 2022"]
[White "Coto Mederos, Michel"]
[Black "Mejia, Cherry Ann"]
[WhiteFideId "3508528"]
[BlackFideId "5206880"]
[WhiteElo "2427"]
[BlackElo "2007"]
[Result "1-0"]
[Round "03"]
[TimeControl "180+1"]
[Date "2022.02.08"]
[WhiteClock "0:00:08"]
[BlackClock "0:00:04"]

1. d4 d5 2. Nf3 Nf6 3. Bf4 c5 4. e3 Nc6 5. Nbd2 c4 6. c3 Qb6 7. Qc2 Bg4 8. Be2 e6 9. b3 cxb3 10. axb3 Be7 11. Bd3 O-O 12. h3 Bh5 13. O-O Rfc8 14. Qb2 a5 15. Rfb1 Qd8 16. Ne5 Nxe5 17. Bxe5 Bg6 18. Bxg6 hxg6 19. Re1 b5 20. e4 Ra6 21. Bxf6 Bxf6 22. exd5 exd5 23. Nf3 Rac6 24. Re3 Qc7 25. Qe2 Rxc3 26. Re8+ Rxe8 27. Qxe8+ Kh7 28. Qxb5 Rc1+ 29. Rxc1 Qxc1+ 30. Kh2 Qf4+ 31. Kg1 Qc1+ 32. Qf1 Qc2 33. Qa1 Qxb3 34. Qxa5 Qc4 35. Qd2 g5 36. g3 Kg6 37. Kg2 Qb3 38. Qe2 Qc4 39. Qd2 Qb3 40. Qe1 Qc4 41. Qb1+ Kh6 42. Nh2 g6 43. Ng4+ Kg7 44. Nxf6 Kxf6 45. Qd1 Kg7 46. Qd2 f6 47. Qe3 Kf7 48. g4 Qc2 49. Qf3 Qc3 50. Qxc3 Kg7 51. Qc7+ Kh6 52. Qd6 f5 53. gxf5 Kh5 54. Qxg6+ Kh4 55. Qh6# 1-0


[Site "https://www.chess.com"]

[Event "Early Titled Tuesday Blitz | February 8 2022"]
[White "Cramling Bellon, Anna"]
[Black "Mirzoev, Azer"]
[WhiteFideId "32009232"]
[BlackFideId "13400304"]
[WhiteElo "1905"]
[BlackElo "2525"]
[Result "0-1"]
[Round "03"]
[TimeControl "180+1"]
[Date "2022.02.08"]
[WhiteClock "0:00:22"]
[BlackClock "0:01:46"]

1. d4 Nf6 2. c4 e6 3. Nf3 c5 4. d5 exd5 5. cxd5 d6 6. Nc3 a6 7. a4 g6 8. e4 Bg7 9. Bd3 Bg4 10. h3 Bxf3 11. Qxf3 O-O 12. O-O Nbd7 13. Qe2 Re8 14. f4 Rc8 15. Qf2 c4 16. Bc2 Nc5 17. Re1 b5 18. axb5 axb5 19. e5 dxe5 20. fxe5 Nfd7 21. Nxb5 Nxe5 22. Rf1 Qxd5 23. Nc3 Qe6 24. Be3 Ncd3 25. Bxd3 Nxd3 26. Ra6 Qxe3 27. Qxe3 Rxe3 28. Nd5 Re6 29. Ra7 Bd4+ 0-1


[Site "https://www.chess.com"]

[Event "Early Titled Tuesday Blitz | February 8 2022"]
[White "Cunjalo, Faris"]
[Black "Orozbaev, Eldiar"]
[WhiteFideId "14410710"]
[BlackFideId "13802240"]
[WhiteElo "2263"]
[BlackElo "2050"]
[Result "0-1"]
[Round "03"]
[TimeControl "180+1"]
[Date "2022.02.08"]
[WhiteClock "0:01:39"]
[BlackClock "0:02:03"]

1. c4 b6 2. Nc3 Bb7 3. e4 e5 4. Nf3 Nc6 5. d4 exd4 6. Nxd4 Bc5 7. Be3 Nf6 8. Nxc6 Bxc6 9. Bxc5 bxc5 10. e5 Qe7 11. Qe2 Ng8 12. O-O-O Nh6 13. f4 O-O 14. Qc2 d6 15. exd6 cxd6 16. Bd3 f5 17. Rhe1 Qf7 18. Be2 Qf6 19. Bf3 Bxf3 20. gxf3 Rae8 21. Nd5 Qh4 22. Qg2 Rxe1 0-1


[Site "https://www.chess.com"]

[Event "Early Titled Tuesday Blitz | February 8 2022"]
[White "Dahanayake, Isara Banidu"]
[Black "Jaskolka, Tomasz"]
[WhiteFideId "9932631"]
[BlackFideId "1170791"]
[WhiteElo "1394"]
[BlackElo "2054"]
[Result "0-1"]
[Round "03"]
[TimeControl "180+1"]
[Date "2022.02.08"]
[WhiteClock "0:00:27"]
[BlackClock "0:00:47"]

1. e4 c5 2. Nf3 e6 3. d4 cxd4 4. Nxd4 Nc6 5. Nxc6 bxc6 6. Bd3 d5 7. O-O Nf6 8. Qe2 Be7 9. e5 Nd7 10. c4 O-O 11. b3 f6 12. exf6 Bxf6 13. Bb2 Nc5 14. Bxf6 Qxf6 15. Nd2 Nxd3 16. Qxd3 Bb7 17. Rae1 e5 18. Qg3 Rae8 19. cxd5 cxd5 20. Rc1 Re7 21. Rfe1 e4 22. Nf1 d4 23. f4 Qxf4 24. Qxf4 Rxf4 25. Ng3 d3 0-1


[Site "https://www.chess.com"]